 Dungeon Crawl Stone Soup version 0.28.0-53-g5a82cb258f (webtiles) character file.

Game seed: 8029238707493779321

1 CryoSword the Chiller (level 1, 0/13 HPs)
             Began as a Demonspawn Ice Elementalist on May 24, 2022.
             Slain by a jackal (3 damage)
             ... on level 1 of the Dungeon.
             The game lasted 00:00:29 (165 turns).

CryoSword the Chiller (Demonspawn Ice Elementalist)  Turns: 165, Time: 00:00:29

Health: 0/13       AC:  2    Str:  8    XL:     1   Next: 16%
Magic:  1/3        EV: 12    Int: 16    God:
Gold:   27         SH:  0    Dex: 13    Spells: 3/4 levels left

rFire   . . .      SeeInvis .   (no weapon)
rCold   . . .      Faith    .   (no shield)
rNeg    . . .      Spirit   .   a - +0 robe
rPois   .          Reflect  .   (no helmet)
rElec   .          Harm     .   (no cloak)
rCorr   .          Rampage  .   (no gloves)
Will    .....                   (no boots)
Stlth   ++........              (no amulet)
HPRegen 0.04/turn               (no ring)
MPRegen 0.08/turn               (no ring)

@: no status effects
A: no striking features
a: no special abilities


You were on level 1 of the Dungeon.
You visited 1 branch of the dungeon, and saw 1 of its levels.

You collected 27 gold pieces.

Inventory:

Missiles
 b - 4 poisoned darts
Armour
 a - a +0 robe (worn)


   Skills:
 + Level 0.2 Fighting
 - Level 1.7 Dodging
 - Level 1.7 Stealth
 - Level 2.0 Spellcasting
 + Level 3.6 Ice Magic


You had 3 spell levels left.
You knew the following spells:

 Your Spells              Type           Power      Damage    Failure   Level
a - Freeze                Ice            52%        1d7       4%          1

Your spell library contained the following spells:

 Spells                   Type           Power      Damage    Failure   Level
 Frozen Ramparts          Ice            26%        1d4       14%         3
 Ozocubu's Armour         Ice            13%        N/A       14%         3
 Hailstorm                Conj/Ice       7%         3d4       69%         4


Dungeon Overview and Level Annotations

Branches:
Dungeon (1/15)

Altars:

Shops:
D:1 !


Message History

Welcome, CryoSword the Demonspawn Ice Elementalist.
It is said that the Orb of Zot exists deep within this dungeon.
Found 15 gold pieces.
Found a staircase leading out of the dungeon.
You now have 15 gold pieces.
Found Nouqele's Distillery.
There is an entrance to Nouqele's Distillery here.
Found 23 stones.
You see here 23 stones.
Found an escape hatch in the floor.
There is an escape hatch in the floor here.
b - 4 poisoned darts Could not explore, unopened door.
Could not explore, unopened door.
You open the door.
Found 12 gold pieces.
There is an open door here.
You now have 27 gold pieces (gained 12).
Could not explore, unopened door.
Could not explore, unopened door.
You open the door.
There is an open door here.
There is an open door here.
Could not explore, unopened door.
Could not explore, unopened door.
You open the door.
There is an open door here.
A jackal comes into view.
A jackal is nearby!
A jackal is nearby!
A jackal comes into view.
The jackal barks!
You hear a bark!
The jackal barks!
You hear a bark!
A jackal comes into view.
A jackal comes into view.
The jackal barely misses you.
An endoplasm comes into view.
The jackal bites you.
Aim: a jackal You freeze the jackal.
The jackal barks!
The endoplasm quivers.
You hear a shout!
The jackal closely misses you.
The jackal bites you but does no damage.
The jackal closely misses you.
The jackal bites you but does no damage.
Aim: a jackal (severely wounded)
You miscast Freeze.
You are very lightly contaminated with residual magic.
Nothing appears to happen.
The jackal barely misses you.
The jackal bites you but does no damage.
The jackal barely misses you. The jackal barely misses you.
You hit the jackal. The jackal bites you. x2
* * * LOW HITPOINT WARNING * * *
Aim: a jackal (almost dead)
You freeze the jackal!
You kill the jackal!
A kobold comes into view. It is wielding a +0 dagger.
The jackal closely misses you.
Your magical contamination has completely faded away.
The jackal bites you.
* * * LOW HITPOINT WARNING * * *
You miss the jackal. The jackal barely misses you.
You hit the jackal. The jackal bites you.
* * * LOW HITPOINT WARNING * * *
You barely miss the jackal. The jackal bites you.
You die...

#K....#.# #⌠.
#.....#.# ###
#.......#
#.......#
#..J....# #h#
#+ #.#
#.#######.###
#.#..@hhhJ..#
#.#.#####.#.#
#.#.# #.#.#
#...# #.# #
##'## #.#
#..### ..#
#....# ###
#....#
###'##.#


You could see an endoplasm and 3 jackals.

Vanquished Creatures
  A jackal (D:1)
1 creature vanquished.

Notes
Turn   | Place    | Note
-------+----------+-------------------------------------------
     0 | D:1      | CryoSword the Demonspawn Ice Elementalist began the quest
                  | for the Orb.
     0 | D:1      | Reached XP level 1. HP: 13/13 MP: 3/3
    31 | D:1      | Found Nouqele's Distillery.
   165 | D:1      | Slain by a jackal

Illustrated notes

Levels and vault maps discovered:
D:1:      pf_arrival_petrified_forest, layout_basic, serial_shops,
          nicolae_shop_hallway_plus, nicolae_lakefront_shop,
          nicolae_shop_bloodbath_and_beyond, shop,
          shapermc_ecumenical_altar_starsandcircs, serial_bayou_pond_a,
          minmay_liquid_box, kennysheep_nondescript, minmay_small_reverse_x

Action                   || total
-------------------------++-------
Melee: Unarmed           ||     4
 Cast: Freeze            ||     2
Armor: Robe              ||     3
Dodge: Dodged            ||     8
